[Event "Team 45 45 League T59"]
[Site "Internet Chess Club"]
[Date "2014.01.18"]
[Round "8"]
[White "fledermaus"]
[Black "koni"]
[Result "1/2-1/2"]
[WhiteElo "1921"]
[BlackElo "1867"]
[Opening "Philidor: Improved Hanham variation"]
[ECO "B07"]
[Time "02:15:07"]
[TimeControl "2700+45"]

1. d4 d6 2. e4 Nf6 3. Nc3 e5 4. Nf3 Nbd7 5. Bc4 Be7 6. O-O O-O 7. Re1 c6 8. a4
a5 9. h3 Nb6 10. Bb3 Nfd7 11. Be3 exd4 12. Qxd4 Nc5 13. Rad1 Be6 14. Bxe6 fxe6
15. b3 Nbd7 16. Qd2 Qe8 17. Qe2 Qg6 18. Bd4 Rf7 19. Nh2 {Game drawn by mutual
agreement} 1/2-1/2

[Event "Team 45 45 League T59"]
[Site "Internet Chess Club"]
[Date "2014.01.20"]
[Round "8"]
[White "RamRock"]
[Black "RubberDuck"]
[Result "1-0"]
[WhiteElo "1849"]
[BlackElo "1875"]
[Opening "Sicilian defense"]
[ECO "B20"]
[Time "13:00:21"]
[TimeControl "2700+45"]

1. e4 c5 2. d3 Nc6 3. g3 g6 4. Bg2 Bg7 5. f4 e6 6. Nf3 Nge7 7. O-O O-O 8. c3 d5
9. e5 b6 10. d4 cxd4 11. cxd4 Ba6 12. Re1 Rc8 13. Nc3 Qd7 14. Be3 Na5 15. Bf2
Rc7 16. Rc1 Rfc8 17. Bf1 Bxf1 18. Kxf1 b5 19. Ne2 Bf8 20. Rxc7 Rxc7 21. Nc1 Qc8
22. Nd3 Rc2 23. Re2 Rxe2 24. Kxe2 Nec6 25. Qc2 Qa6 26. Be1 b4 27. Kf2 Qc4 28.
Qxc4 dxc4 29. Nc1 Nxd4 30. Nxd4 Bc5 31. Ke3 {Black resigns} 1-0

[Event "Team 45 45 League T59"]
[Site "Internet Chess Club"]
[Date "2014.01.20"]
[Round "8"]
[White "jonesey"]
[Black "hewdondada"]
[Result "1/2-1/2"]
[WhiteElo "1884"]
[BlackElo "1717"]
[Opening "QGD Slav accepted"]
[ECO "D15"]
[Time "15:00:14"]
[TimeControl "2700+45"]

1. d4 d5 2. c4 c6 3. Nf3 Nf6 4. Nc3 dxc4 5. g3 g6 6. Bg2 Bg7 7. Ne5 Be6 8. Bf4
O-O 9. Qd2 Nbd7 10. O-O Nxe5 11. Bxe5 Nd5 12. Bxg7 Kxg7 13. e4 Nxc3 14. Qxc3 f6
15. Rfd1 Qc7 16. d5 cxd5 17. exd5 Bf5 18. Rd4 Rac8 19. Rc1 b5 20. b3 e5 21. dxe6
Bxe6 22. bxc4 bxc4 23. Bf1 Rf7 24. Bxc4 Bxc4 25. Rxc4 Qxc4 26. Qxc4 Rxc4 27.
Rxc4 Rd7 28. Kf1 Re7 29. Ra4 {Game drawn by mutual agreement} 1/2-1/2

[Event "Team 45 45 League T59"]
[Site "Internet Chess Club"]
[Date "2014.01.18"]
[Round "8"]
[White "Timotheous"]
[Black "gcl"]
[Result "1/2-1/2"]
[WhiteElo "1844"]
[BlackElo "1696"]
[Opening "Center game: Berger variation"]
[ECO "C22"]
[Time "08:00:36"]
[TimeControl "2700+45"]

1. e4 e5 2. d4 exd4 3. Qxd4 Nc6 4. Qe3 Nf6 5. Nc3 Bb4 6. Bd2 O-O 7. O-O-O d6 8.
h3 Re8 9. Bc4 Bxc3 10. Bxc3 Nxe4 11. Qf4 Nxc3 12. Bxf7+ Kh8 13. Bxe8 Nxa2+ 14.
Kb1 Nc3+ 15. bxc3 Qxe8 16. Nf3 Bd7 17. Rhe1 Qg6 18. Qg5 Qf7 19. Qd5 Qf6 20. Ng5
Rf8 21. Ne4 Qg6 22. Qg5 Qf7 23. Re3 Ne5 24. Rd4 Bc6 25. Rg3 h6 26. Qh4 Bxe4 27.
Qxe4 Qxf2 28. Re3 Qf7 29. Qd5 Qf1+ 30. Rd1 Qf2 31. Ree1 Qb6+ 32. Qb3 Qc6 33. g4
Rf3 34. Rf1 Rxc3 35. Rf8+ Kh7 36. Qg8+ Kg6 37. Qe6+ Kh7 38. Qg8+ Kg6 39. Qe6+
Kh7 40. Qg8+ {Game drawn by repetition} 1/2-1/2

[Event "Team 45 45 League T59"]
[Site "Internet Chess Club"]
[Date "2014.01.20"]
[Round "8"]
[White "BuddyT"]
[Black "zigzag2002"]
[Result "0-1"]
[WhiteElo "1826"]
[BlackElo "2008"]
[Opening "QGD Slav: 4.e3 Bf5"]
[ECO "D12"]
[Time "21:04:24"]
[TimeControl "2700+45"]

1. d4 d5 2. c4 c6 3. Nf3 Nf6 4. e3 Bf5 5. cxd5 cxd5 6. Qb3 Qc7 7. Bd2 e6 8. Bb5+
Nc6 9. O-O Be7 10. Bb4 O-O 11. Bxc6 bxc6 12. Bxe7 Qxe7 13. Nbd2 c5 14. Qa3 Ne4
15. Nxe4 dxe4 16. Nd2 Qd8 17. Qxc5 Rc8 18. Qa3 Rc2 19. Rfd1 Bg4 20. Nxe4 Bxd1
21. Rxd1 Qh4 22. Ng3 Rfc8 23. b3 Qf6 24. Ne4 Qf5 25. f3 Qg6 26. Ng3 Rxg2+ 27.
Kxg2 Qc2+ 28. Kh3 Qxd1 29. Qa6 Rf8 30. Qc6 h6 31. Qe4 g6 32. Qf4 Rc8 33. Qf6 Rc2
34. Qd8+ Kg7 35. Qa5 Qg1 36. Qe5+ Kh7 37. Qf4 Qxh2+ 38. Kg4 f5+ {White resigns}
0-1

[Event "Team 45 45 League T59"]
[Site "Internet Chess Club"]
[Date "2014.01.19"]
[Round "8"]
[White "juniorVishy"]
[Black "Stiltzkin"]
[Result "0-1"]
[WhiteElo "1786"]
[BlackElo "1674"]
[Opening "Nimzo-Indian: 4.e3 O-O, 5.Bd3"]
[ECO "E47"]
[Time "15:00:39"]
[TimeControl "2700+45"]

1. d4 Nf6 2. c4 e6 3. Nc3 Bb4 4. e3 O-O 5. Bd3 c5 6. Ne2 cxd4 7. exd4 d5 8. O-O
dxc4 9. Bxc4 Nc6 10. a3 Bd6 11. h3 a6 12. Be3 b5 13. Ba2 Bb7 14. Rc1 Ne7 15. Bg5
Ng6 16. Bb1 h6 17. Bxg6 hxg5 18. Bb1 g4 19. hxg4 Nxg4 20. Ng3 Qh4 21. Qxg4 Qxg4
22. Be4 Bxe4 23. Ngxe4 Be7 24. Rfd1 Rfd8 25. b4 Rac8 26. Kf1 Rc4 27. f3 Qf4 28.
Ne2 Rxc1 29. Rxc1 Qb8 30. Rc6 Qb7 31. Rc2 Rc8 32. N4c3 Bf6 33. Rd2 Bg5 34. Rd3
Qb8 35. Kg1 Rc4 36. Ne4 Bf6 37. Nxf6+ gxf6 38. f4 Kf8 39. g3 Rc2 40. Kf2 Qb7 41.
Re3 Qd5 42. Kg1 Qh5 43. Kf2 Rb2 44. Kf1 Qh1+ 45. Kf2 Rb1 46. Rc3 Rf1+ 47. Ke3
Rf3+ 48. Kd2 Rxc3 49. Kxc3 Qf3+ 50. Kd2 Qxa3 {White resigns} 0-1

[Event "Team 45 45 League T59"]
[Site "Internet Chess Club"]
[Date "2014.01.20"]
[Round "8"]
[White "ausya"]
[Black "Achelous"]
[Result "1-0"]
[WhiteElo "1779"]
[BlackElo "1801"]
[Opening "Sicilian: Alapin's variation (2.c3)"]
[ECO "B22"]
[Time "10:12:44"]
[TimeControl "2700+45"]

1. e4 c5 2. c3 Nc6 3. d4 cxd4 4. cxd4 g6 5. Nc3 Bg7 6. Nf3 d6 7. h3 Bd7 8. Bf4
Nxd4 9. Nxd4 e5 10. Nf3 exf4 11. Qxd6 Qa5 12. Qd2 Rc8 13. Ne2 Qa4 14. Nc3 Rxc3
15. bxc3 Qxe4+ 16. Be2 Bb5 17. O-O Bc6 18. Rfe1 Ne7 19. Rad1 Qd5 20. Qxd5 Bxd5
21. Bb5+ Bc6 22. Bxc6+ bxc6 23. Nd4 Bxd4 24. Rxd4 Kf8 25. Rd8+ Kg7 26. Rxh8 Kxh8
27. Rxe7 Kg7 28. Rxa7 {Black resigns} 1-0

[Event "Team 45 45 League T59"]
[Site "Internet Chess Club"]
[Date "2014.01.19"]
[Round "8"]
[White "Otelo"]
[Black "Greedy-Reedy"]
[Result "0-1"]
[WhiteElo "1821"]
[BlackElo "1988"]
[Opening "Pirc defense"]
[ECO "B07"]
[Time "06:03:37"]
[TimeControl "2700+45"]

1. e4 d6 2. d4 Nf6 3. Nc3 g6 4. Be3 c6 5. f3 Nbd7 6. Qd2 b5 7. Bd3 Bb7 8. h4 h5
9. Nh3 Bg7 10. Ng5 a6 11. Ne2 Qc7 12. Nf4 e5 13. Nfe6 fxe6 14. Nxe6 Qc8 15.
Nxg7+ Kf7 16. Bh6 Ng8 17. Be3 Kxg7 18. O-O-O Ngf6 19. Rdg1 c5 20. d5 c4 21. Be2
a5 22. c3 b4 23. Kb1 Ba6 24. cxb4 axb4 25. Qxb4 c3 26. Bxa6 Qxa6 27. a3 Qd3+ 28.
Ka2 Qxe3 29. Qxc3 Qxc3 {White resigns} 0-1

[Event "Team 45 45 League T59"]
[Site "Internet Chess Club"]
[Date "2014.01.19"]
[Round "8"]
[White "LittleButton"]
[Black "MBAStudent"]
[Result "1-0"]
[WhiteElo "1884"]
[BlackElo "1739"]
[Opening "French: Burn variation"]
[ECO "C11"]
[Time "16:02:58"]
[TimeControl "2700+45"]

1. e4 e6 2. d4 d5 3. Nc3 Nf6 4. Bg5 dxe4 5. Nxe4 Be7 6. Bxf6 Bxf6 7. Nf3 b6 8.
Bd3 Bb7 9. Qe2 Nd7 10. O-O-O O-O 11. g4 Bxe4 12. Qxe4 g6 13. h4 Bg7 14. g5 Qe7
15. Ne5 Nxe5 16. dxe5 Qc5 17. f4 Rad8 18. h5 Rd4 19. Qe3 Ra4 20. Qxc5 bxc5 21.
h6 Bh8 22. Rhf1 Rd8 23. Kb1 Kf8 24. Be2 Ke7 25. Rxd8 Kxd8 26. b3 Rb4 27. Bc4 Ke7
28. Rd1 Rb8 29. a4 Rb6 30. Kb2 {Black resigns} 1-0

[Event "Team 45 45 League T59"]
[Site "Internet Chess Club"]
[Date "2014.01.17"]
[Round "8"]
[White "fishhead"]
[Black "badmove"]
[Result "1-0"]
[WhiteElo "1881"]
[BlackElo "1557"]
[Opening "Ruy Lopez: Anderssen variation"]
[ECO "C77"]
[Time "17:26:59"]
[TimeControl "2700+45"]

1. e4 e5 2. Nf3 Nc6 3. Bb5 a6 4. Ba4 Nf6 5. d3 d6 6. c3 Be7 7. Nbd2 O-O 8. Nf1
b5 9. Bc2 d5 10. Qe2 Be6 11. Ng3 a5 12. O-O a4 13. Rd1 d4 14. h3 b4 15. c4 Nd7
16. Rf1 Bf6 17. Nh2 Ne7 18. f4 exf4 19. Bxf4 Be5 20. Bxe5 Nxe5 21. Qh5 N7g6 22.
Nf5 f6 23. Rae1 c5 24. g3 Bf7 25. Qe2 Be6 26. h4 Ra7 27. Rf2 Ne7 28. Bd1 Bxf5
29. exf5 Qd6 30. Ng4 N7c6 31. Kg2 Nxg4 32. Qxg4 Ne5 33. Qe4 Re7 34. Bf3 Nxf3 35.
Qxe7 Nxe1+ 36. Qxe1 Qc6+ 37. Kh3 Re8 38. Re2 Rxe2 39. Qxe2 Kf7 40. Kg4 g6 41.
fxg6+ hxg6 42. Kf4 Qd6+ 43. Kf3 Qc6+ 44. Qe4 Qe6 45. g4 Ke7 46. Qxe6+ Kxe6 47.
Ke4 f5+ 48. gxf5+ gxf5+ 49. Kf4 Kf6 50. h5 Kg7 51. Kxf5 Kh6 52. Ke5 Kxh5 53. Kd5
Kg5 54. Kxc5 {Black resigns} 1-0

[Event "Team 45 45 League T59"]
[Site "Internet Chess Club"]
[Date "2014.01.19"]
[Round "8"]
[White "Schachteufel"]
[Black "justice02"]
[Result "0-1"]
[WhiteElo "1670"]
[BlackElo "1820"]
[Opening "French: exchange variation"]
[ECO "C01"]
[Time "09:00:38"]
[TimeControl "2700+45"]

1. e4 e6 2. d4 d5 3. exd5 exd5 4. c4 Ne7 5. Bf4 Ng6 6. Bg3 Bd6 7. Qe2+ Be6 8.
Bxd6 Qxd6 9. c5 Qf4 10. Qd2 c6 11. Nf3 h6 12. Bd3 Qxd2+ 13. Nbxd2 Nf4 14. Bf1
Bf5 15. g3 Ne6 16. Be2 Nd7 17. O-O O-O-O 18. b4 Kc7 19. a4 Rhe8 20. Rfe1 g5 21.
Nb3 g4 22. Nfd2 h5 23. b5 h4 24. a5 hxg3 25. fxg3 Ng5 26. b6+ Kb8 27. a6 axb6
28. axb7 Kxb7 29. Ba6+ Kc7 30. cxb6+ Kxb6 31. Be2 Ra8 32. Nc5 Rxa1 33. Nxd7+
Bxd7 34. Rxa1 Rxe2 {White resigns} 0-1

[Event "Team 45 45 League T59"]
[Site "Internet Chess Club"]
[Date "2014.01.19"]
[Round "8"]
[White "pmcglothin"]
[Black "Ayensa80"]
[Result "0-1"]
[WhiteElo "1797"]
[BlackElo "1824"]
[Opening "Four knights game"]
[ECO "C47"]
[Time "12:00:46"]
[TimeControl "2700+45"]

1. e4 e5 2. Nf3 Nc6 3. Nc3 Nf6 4. g3 d5 5. exd5 Nxd5 6. Qe2 Bg4 7. h3 Bxf3 8.
Qxf3 Ndb4 9. Qe4 Nd4 10. Bd3 Nxd3+ 11. Qxd3 Qf6 12. O-O O-O-O 13. Kg2 Nb3 14.
Qxd8+ Kxd8 15. axb3 Qc6+ 16. Kh2 Bc5 17. d3 a6 18. Bg5+ f6 19. Bd2 Bd4 20. Rac1
h5 21. Nd1 h4 22. Be3 hxg3+ 23. fxg3 Qe6 24. h4 g5 25. Bf2 gxh4 26. gxh4 Bxf2
27. Nxf2 Rxh4+ 28. Kg2 Rf4 29. Rce1 Qc6+ {White resigns} 0-1

[Event "Team 45 45 League T59"]
[Site "Internet Chess Club"]
[Date "2014.01.19"]
[Round "8"]
[White "room-matt"]
[Black "alexine"]
[Result "1-0"]
[WhiteElo "1846"]
[BlackElo "1655"]
[Opening "Vienna game"]
[ECO "C28"]
[Time "15:01:24"]
[TimeControl "2700+45"]

1. e4 e5 2. Bc4 Nc6 3. Nc3 Nf6 4. d3 Na5 5. Qf3 Nxc4 6. dxc4 c6 7. Nge2 Be7 8.
O-O d6 9. h3 h6 10. Rd1 Be6 11. c5 d5 12. b4 a5 13. Ba3 axb4 14. Bxb4 d4 15. Ng3
Qc7 16. Nce2 Nh7 17. Nf5 Bxf5 18. Qxf5 Ra4 19. a3 O-O 20. c3 d3 21. Rxd3 b6 22.
Rd7 Qc8 23. Rxe7 Qa6 24. Ng3 Ng5 25. Rd1 Ne6 26. cxb6 c5 27. Qxe5 cxb4 28. Ra7
Qc4 29. Rxa4 Qb3 30. Rd6 Qxa4 31. Nf5 g6 32. Rxe6 gxf5 33. Rxh6 f6 34. Qe7 Rf7
35. Rg6+ Kh8 36. Qxf7 Qd1+ 37. Kh2 Qh5 38. Qg7# {Black checkmated} 1-0

[Event "Team 45 45 League T59"]
[Site "Internet Chess Club"]
[Date "2014.01.18"]
[Round "8"]
[White "quale"]
[Black "Duguesclin"]
[Result "0-1"]
[WhiteElo "1734"]
[BlackElo "1648"]
[Opening "Sicilian: Nimzovich-Rossolimo attack (without ...d6)"]
[ECO "B30"]
[Time "13:03:18"]
[TimeControl "2700+45"]

1. e4 c5 2. Nf3 Nc6 3. Bb5 a6 4. Bxc6 dxc6 5. d3 Bg4 6. Be3 e5 7. Nbd2 Bd6 8.
O-O Nf6 9. Bg5 b5 10. Qe1 O-O 11. Qe3 Qe7 12. h3 Bc8 13. Nh2 Qe6 14. Nb3 Nd7 15.
Na5 Bc7 16. Nb3 Bb6 17. c4 bxc4 18. dxc4 Qxc4 19. Be7 Re8 20. Rfc1 Qb5 21. Bxc5
Nxc5 22. Nxc5 Be6 23. b3 Rad8 24. Qc3 Bc8 25. Na4 Bd4 26. Qg3 Bxa1 27. Rxa1 Rd3
28. Nf3 Red8 29. Nb2 Rc3 30. Nc4 f6 31. Qh4 Rcd3 32. Ne3 Qb4 33. Rc1 Bb7 34. Rc4
Qa3 35. Rc2 a5 36. Nc4 Qc5 37. Nfd2 Rxd2 38. Rxd2 Rxd2 39. Nxd2 Qc1+ 40. Nf1 Ba6
41. Qg4 Qxf1+ 42. Kh2 Qxf2 43. Qe6+ Kf8 44. Qd6+ Kf7 45. Qd7+ Kg6 46. Qg4+ Kh6
47. Kh1 Bf1 48. a3 c5 49. a4 g5 50. Kh2 Qf4+ {White resigns} 0-1

[Event "Team 45 45 League T59"]
[Site "Internet Chess Club"]
[Date "2014.01.16"]
[Round "8"]
[White "MisterDoob"]
[Black "Pomberito"]
[Result "1-0"]
[WhiteElo "2332"]
[BlackElo "2149"]
[Opening "Queen's Indian: Petrosian system"]
[ECO "E12"]
[Time "19:30:10"]
[TimeControl "2700+45"]

1. d4 Nf6 2. Nf3 e6 3. c4 b6 4. a3 c5 5. Nc3 d5 6. e3 cxd4 7. Nxd4 Be7 8. cxd5
Nxd5 9. Bb5+ Bd7 10. Nxd5 exd5 11. Bd3 Nc6 12. Nxc6 Bxc6 13. O-O Rc8 14. Bf5 Rc7
15. Bd2 Bf6 16. Rb1 O-O 17. Bb4 Re8 18. Qg4 g6 19. Bd3 d4 20. Rfd1 Bd7 21. Qf3
Bc6 22. e4 a5 23. Bd2 Rce7 24. Qxf6 {Black resigns} 1-0

[Event "Team 45 45 League T59"]
[Site "Internet Chess Club"]
[Date "2014.01.18"]
[Round "8"]
[White "LuxAeterna"]
[Black "santiagoelawad"]
[Result "1/2-1/2"]
[WhiteElo "2039"]
[BlackElo "1903"]
[Opening "QGD Slav: 4.Nc3"]
[ECO "D15"]
[Time "10:01:14"]
[TimeControl "2700+45"]

1. d4 c6 2. c4 d5 3. Nf3 Nf6 4. Nc3 a6 5. e3 Bf5 6. Qb3 Ra7 7. Be2 e6 8. O-O Bd6
9. Bd2 O-O 10. Ne5 Bxe5 11. dxe5 Nfd7 12. f4 Nc5 13. Qa3 Ne4 14. Rad1 h6 15.
Nxe4 Bxe4 16. Bb4 Re8 17. Bf3 Bxf3 18. Rxf3 b6 19. c5 a5 20. cxb6 Ra6 21. Bc5
Nd7 22. Rf2 Nxc5 23. Qxc5 Qxb6 24. Rc2 Rb8 25. Qxb6 Raxb6 26. b3 a4 27. bxa4 Ra8
28. e4 Rxa4 29. exd5 cxd5 30. g3 Rba6 31. Rdd2 g5 32. Rf2 gxf4 33. gxf4 Kh7 34.
f5 exf5 35. Rxf5 Kg6 36. Rcf2 Rxa2 37. Rxf7 Rxf2 38. Rxf2 Re6 39. Re2 Kf5 40.
Kf2 Rxe5 41. Ra2 d4 42. Ra8 d3 43. Kf3 Rd5 44. Ra1 Kg5 45. Rd1 Kh4 46. Ke4 Rd6
47. Rxd3 Rg6 48. Rf3 Rg2 49. Rf4+ Kh3 50. Rf3+ Kxh2 51. Rf5 Rg5 52. Rxg5 hxg5
53. Kf5 g4 54. Kxg4 {Game drawn because neither player has mating material}
1/2-1/2

[Event "Team 45 45 League T59"]
[Site "Internet Chess Club"]
[Date "2014.01.19"]
[Round "8"]
[White "jjimalo"]
[Black "AlliesterMX"]
[Result "1-0"]
[WhiteElo "1989"]
[BlackElo "1862"]
[Opening "Modern defense"]
[ECO "A40"]
[Time "12:00:18"]
[TimeControl "2700+45"]

1. d4 g6 2. Nf3 d6 3. g3 Bg7 4. Bg2 c6 5. O-O Nf6 6. c4 O-O 7. Nc3 Bg4 8. h3
Bxf3 9. Bxf3 Nbd7 10. e4 Ne8 11. Be3 a6 12. Qd2 Qc7 13. Bh6 Kh8 14. Bxg7+ Kxg7
15. h4 h5 16. Rad1 Nef6 17. Be2 Rae8 18. f4 e5 19. dxe5 dxe5 20. f5 Rd8 21. Kg2
Nh7 22. fxg6 fxg6 23. Rxf8 Kxf8 24. Qh6+ Kg8 25. Qxg6+ Kh8 26. Qxh5 Qb6 27. Rxd7
{Black resigns} 1-0

[Event "Team 45 45 League T59"]
[Site "Internet Chess Club"]
[Date "2014.01.17"]
[Round "8"]
[White "Heian"]
[Black "gerailen0075"]
[Result "0-1"]
[WhiteElo "1792"]
[BlackElo "2010"]
[Opening "French defense"]
[ECO "C00"]
[Time "17:07:52"]
[TimeControl "2700+45"]

1. e4 e6 2. Nf3 d5 3. exd5 exd5 4. d4 Nf6 5. Bd3 Bg4 6. O-O Be7 7. c3 O-O 8. h3
Bh5 9. Be3 Nc6 10. Nbd2 Qd6 11. Be2 a5 12. Nh2 Bxe2 13. Qxe2 Ne4 14. Rfe1 f5 15.
Nxe4 dxe4 16. f3 f4 17. Bc1 e3 18. a4 Bh4 19. Rd1 Rae8 20. b3 Ne7 21. Ng4 Qa6
22. Rd3 Nf5 23. c4 h5 24. Ne5 Bf2+ 25. Kh2 Ng3 26. Qc2 Rxe5 27. dxe5 Qg6 28. Bb2
e2 29. Rd2 Nf1+ 30. Kh1 Qg3 {White resigns} 0-1

[Event "Team 45 45 League T59"]
[Site "Internet Chess Club"]
[Date "2014.01.21"]
[Round "8"]
[White "steadman"]
[Black "sonoftill"]
[Result "1/2-1/2"]
[WhiteElo "2166"]
[BlackElo "2120"]
[Opening "Queen's Indian: Nimzovich variation (exaggerated fianchetto)"]
[ECO "E15"]
[Time "15:07:53"]
[TimeControl "2700+45"]

1. d4 Nf6 2. c4 e6 3. Nf3 b6 4. g3 Ba6 5. Qa4 Bb7 6. Bg2 c5 7. dxc5 bxc5 8. O-O
Be7 9. Nc3 O-O 10. Rd1 d6 11. Bf4 Qb6 12. Rab1 Nbd7 13. b4 Rfb8 14. a3 a6 15.
Qa5 Qxa5 16. bxa5 e5 17. Bg5 Bc6 18. Bxf6 Nxf6 19. Nd2 Bxg2 20. Kxg2 Bd8 21.
Nde4 Nxe4 22. Nxe4 Bc7 23. Rxb8+ Rxb8 24. Rd3 Rd8 25. Rb3 Rb8 26. Rd3 Rd8 27.
Rb3 Bxa5 28. Rb7 h6 29. Ra7 f5 30. Rxa6 fxe4 31. Rxa5 Kf7 32. Ra7+ Kf6 33. a4 g5
34. a5 Ke6 35. Rh7 Ra8 36. Rxh6+ Ke7 37. Rg6 Rxa5 38. Rxg5 Kf6 39. Rg4 Ra4 40.
Rxe4 d5 41. Rh4 dxc4 42. Kf3 Ke6 43. Ke4 Ra2 44. Rh6+ Kd7 45. Ke3 c3 46. Kd3 c2
47. Kd2 c1=Q+ 48. Kxc1 Rxe2 49. Rf6 Ke7 50. Rf5 Ke6 51. Rf8 Kd5 52. h4 Re1+ 53.
Kd2 Rh1 54. Rh8 Rh2 55. Ke3 c4 56. h5 c3 57. Rc8 Rxh5 58. Rxc3 Rg5 59. Ra3 Rg8
60. Ra5+ Ke6 {Game drawn by mutual agreement} 1/2-1/2

[Event "Team 45 45 League T59"]
[Site "Internet Chess Club"]
[Date "2014.01.19"]
[Round "8"]
[White "SlimeDog2"]
[Black "CHENENE"]
[Result "1/2-1/2"]
[WhiteElo "1980"]
[BlackElo "1745"]
[Opening "QGD semi-Slav: 5.e3"]
[ECO "D45"]
[Time "19:17:34"]
[TimeControl "2700+45"]

1. d4 d5 2. Nf3 Nf6 3. c4 c6 4. e3 e6 5. Nc3 Bb4 6. a3 Bxc3+ 7. bxc3 O-O 8. Bd3
Nbd7 9. cxd5 exd5 10. O-O Re8 11. c4 dxc4 12. Bxc4 Nb6 13. Bd3 Bg4 14. Qc2 Bxf3
15. gxf3 Rc8 16. Rd1 Qd5 17. Be2 Qh5 18. a4 Qh4 19. e4 Nh5 20. a5 Nd7 21. Bc4 c5
22. Qb3 Qf6 23. e5 Qg6+ 24. Kh1 cxd4 25. Rg1 Nc5 26. Qd1 Qf5 27. Rg5 Qh3 28. Bf1
Qh4 29. f4 g6 30. Qxd4 Ne6 31. Rxh5 Qxh5 32. Qxa7 Nxf4 33. Qxb7 Qxe5 34. Bb2 Qd6
{Game drawn by mutual agreement} 1/2-1/2

[Event "Team 45 45 League T59"]
[Site "Internet Chess Club"]
[Date "2014.01.21"]
[Round "8"]
[White "jjmolina"]
[Black "JustinL"]
[Result "1-0"]
[WhiteElo "1854"]
[BlackElo "1983"]
[Opening "French: classical, Steinitz variation"]
[ECO "C14"]
[Time "10:13:01"]
[TimeControl "2700+45"]

1. e4 e6 2. d4 d5 3. Nc3 Nf6 4. Bg5 Be7 5. e5 Nfd7 6. Bxe7 Qxe7 7. f4 a6 8. Nf3
c5 9. Qd2 Nc6 10. dxc5 Nxc5 11. O-O-O b5 12. Bd3 Bb7 13. Kb1 O-O-O 14. Qf2 b4
15. Ne2 Na4 16. Nc1 Na5 17. Nb3 Nc4 18. Bxc4 dxc4 19. Nc1 c3 20. b3 Nc5 21. Rd4
Ne4 22. Rc4+ Kb8 23. Qb6 Nd2+ 24. Nxd2 cxd2 25. Nd3 Rd7 26. Rd1 Rxd3 27. cxd3
Rd8 28. Rxd2 Rd7 29. Rxb4 g5 30. g3 gxf4 31. gxf4 Ka8 32. Rd4 Bd5 33. Qxa6+ Kb8
34. Ra4 Qc5 35. Rc2 {Black resigns} 1-0

[Event "Team 45 45 League T59"]
[Site "Internet Chess Club"]
[Date "2014.01.17"]
[Round "8"]
[White "CKNIGHT3"]
[Black "Baseta"]
[Result "1-0"]
[WhiteElo "1917"]
[BlackElo "1827"]
[Opening "QGD: Charousek (Petrosian) variation"]
[ECO "D31"]
[Time "19:00:14"]
[TimeControl "2700+45"]

1. d4 d5 2. c4 e6 3. Nc3 Be7 4. Nf3 Nf6 5. e3 a6 6. Bd3 O-O 7. O-O Nbd7 8. e4
dxe4 9. Nxe4 Nxe4 10. Bxe4 Nf6 11. Bc2 c5 12. Qd3 h6 13. Rd1 cxd4 14. Nxd4 Qc7
15. h3 Rd8 16. Qe2 e5 17. Nf3 Rxd1+ 18. Bxd1 e4 19. Nd4 Qe5 20. Be3 Bd6 21. f4
exf3 22. Nxf3 Qg3 23. Bf2 Qf4 24. Bc2 Nh5 25. Qe8+ Bf8 26. Bc5 g6 27. Qxf8+ Kh7
28. Bd4 Bxh3 29. Qxa8 Qg4 30. Qh8# {Black checkmated} 1-0

[Event "Team 45 45 League T59"]
[Site "Internet Chess Club"]
[Date "2014.01.18"]
[Round "8"]
[White "Buford-Julep"]
[Black "zap2"]
[Result "0-1"]
[WhiteElo "1735"]
[BlackElo "1727"]
[Opening "Nimzo-Indian: classical variation"]
[ECO "E32"]
[Time "10:03:35"]
[TimeControl "2700+45"]

1. d4 Nf6 2. c4 e6 3. Nc3 Bb4 4. Qc2 O-O 5. e4 d5 6. e5 Ne4 7. Bd3 c5 8. cxd5
exd5 9. Ne2 Nc6 10. O-O cxd4 11. Nxd5 Qxd5 12. Bxe4 Qxe5 13. Bxh7+ Kh8 14. Bd3
Bg4 15. a3 Bxe2 16. Qxe2 Bd6 17. Qxe5 Nxe5 18. Be4 Nc6 19. b4 Rfe8 20. Bxc6 bxc6
21. Bb2 a5 22. Bxd4 axb4 23. axb4 Bxb4 24. Rac1 Rac8 25. Bc5 Ba5 26. Rfd1 Re2
27. Kf1 Ra2 28. g3 Bd2 29. Rc4 Re8 30. Rd4 Rc2 31. R1xd2 Rxc5 32. Rd7 Kg8 33.
Rc7 Rc1+ 34. Kg2 c5 35. Rdd7 Rf8 36. Rc6 Re8 37. Rdc7 Re5 38. Rc8+ Kh7 39. R8c7
Kg8 40. Rc8+ Kh7 41. R8c7 f6 42. h3 Kg6 43. Kf3 Rc3+ 44. Kg2 Rc2 45. g4 Kh6 46.
Kg3 Rc3+ 47. Kg2 Rc2 48. Kg3 Rd5 49. Kg2 Rdd2 50. Kg3 Rxf2 51. Rxc5 Rg2+ 52. Kf3
Rcf2+ 53. Ke3 g5 54. Rc4 Ra2 55. Rc3 Rh2 56. Ke4 Kg6 57. R7c5 Rad2 58. Re3 Rhf2
59. Rf5 Rxf5 60. gxf5+ Kf7 61. Rf3 Ke7 62. Ke3 Ra2 63. Kd4 Kd6 64. Kc4 Ra4+ 65.
Kd3 Ke5 66. Ke2 Ra2+ 67. Ke3 Ra3+ 68. Kf2 Rxf3+ 69. Kxf3 Kxf5 70. Kg3 Ke4 71.
Kf2 Kf4 72. Kg2 Ke3 73. Kg3 f5 74. Kg2 Ke2 75. Kg1 f4 76. h4 f3 {White resigns}
0-1

[Event "Team 45 45 League T59"]
[Site "Internet Chess Club"]
[Date "2014.01.16"]
[Round "8"]
[White "ScotchYeti"]
[Black "LazyPeon"]
[Result "1/2-1/2"]
[WhiteElo "1714"]
[BlackElo "1770"]
[Opening "Sicilian: Keres variation (2.Ne2)"]
[ECO "B20"]
[Time "15:33:19"]
[TimeControl "2700+45"]

1. e4 c5 2. Ne2 d6 3. g3 Nc6 4. Bg2 g6 5. c3 Bg7 6. d4 cxd4 7. cxd4 Nf6 8. O-O
O-O 9. Nbc3 Bd7 10. h3 Rc8 11. Be3 a6 12. d5 Ne5 13. b3 Bb5 14. Nxb5 axb5 15.
Qd2 Ned7 16. Rac1 Nc5 17. Qb4 Nd3 18. Rxc8 Nxb4 19. Rxd8 Rxd8 20. Rc1 Nxa2 21.
Rc7 Nd7 22. Rxb7 b4 23. Nd4 Nc5 24. Ra7 Bxd4 25. Bxd4 Nxb3 26. Bb2 Nc3 27. Rb7
Na4 28. Rxb4 Nxb2 29. Rxb3 Nc4 30. Rb7 Kf8 31. Rc7 Ne5 32. f4 Nd7 33. Rc2 Nc5
34. Kf2 Rb8 35. Kg1 Rb3 36. Kh2 Rb4 37. e5 Rd4 38. exd6 exd6 39. Rb2 Ke7 40.
Re2+ Kd7 41. h4 f5 42. Ra2 Ra4 43. Rb2 {Game drawn by mutual agreement} 1/2-1/2

[Event "Team 45 45 League T59"]
[Site "Internet Chess Club"]
[Date "2014.01.20"]
[Round "8"]
[White "SirIvanhoe"]
[Black "cepheid"]
[Result "1-0"]
[WhiteElo "1564"]
[BlackElo "1569"]
[Opening "Sicilian: closed, Korchnoi variation"]
[ECO "B23"]
[Time "19:07:45"]
[TimeControl "2700+45"]

1. e4 c5 2. Nc3 e6 3. g3 d5 4. exd5 exd5 5. Bg2 Nf6 6. d3 Nc6 7. Nf3 Be7 8. O-O
O-O 9. Re1 h6 10. Bf4 Bg4 11. Qc1 Kh7 12. Ne5 Nxe5 13. Bxe5 Be6 14. Bf4 Rc8 15.
a3 a6 16. Rb1 Re8 17. Ne2 b5 18. d4 Ne4 19. Be3 Qd7 20. dxc5 Bxc5 21. Nd4 Bh3
22. c3 Be7 23. Qc2 Bxg2 24. Kxg2 Kg8 25. f3 Nd6 26. Bf4 Bf6 27. Qf2 Nf5 28. Nxf5
Qxf5 29. Rxe8+ Rxe8 30. Re1 Rxe1 31. Qxe1 Qc2+ 32. Qf2 Qxf2+ 33. Kxf2 d4 34. Bd2
dxc3 35. Bxc3 Bxc3 36. bxc3 Kf8 37. Ke3 Ke7 38. Kd4 Kd6 39. h4 h5 40. c4 Kc6 41.
g4 a5 42. gxh5 b4 43. axb4 axb4 44. f4 b3 45. Kc3 b2 46. Kxb2 Kc5 47. Kc3 f5 48.
Kd3 Kd6 49. Kd4 Ke6 50. c5 {Black resigns} 1-0

[Event "Team 45 45 League T59"]
[Site "Internet Chess Club"]
[Date "2014.01.16"]
[Round "8"]
[White "Gilguli"]
[Black "pauliewoll"]
[Result "0-1"]
[WhiteElo "1368"]
[BlackElo "1577"]
[Opening "QGD: Lasker defense"]
[ECO "D56"]
[Time "16:00:17"]
[TimeControl "2700+45"]

1. d4 Nf6 2. Nf3 d5 3. c4 e6 4. Nc3 Be7 5. Bg5 O-O 6. e3 h6 7. Bh4 Ne4 8. Bxe7
Qxe7 9. Nxe4 dxe4 10. Nd2 f5 11. c5 e5 12. Bc4+ Kh8 13. O-O exd4 14. exd4 Rd8
15. Nb3 Be6 16. Qc2 Nc6 17. Rad1 Nb4 18. Qc3 Nxa2 19. Qc2 Nb4 20. Qc3 Bxc4 21.
Qxc4 Nd3 22. Qc3 Rd5 23. f3 Qg5 24. fxe4 Qe3+ 25. Kh1 fxe4 26. Rd2 Rad8 27. Nc1
Rxd4 28. Re2 Nf2+ 29. Rexf2 Qxf2 30. Qe1 Qxf1+ 31. Qxf1 Rd1 32. Qg1 {White
resigns} 0-1